 Dungeon Crawl Stone Soup version 0.19.1-1-g22dce08 (webtiles) character file.

222 JeffiDaFish the Shield-Bearer (level 5, 0/33 HPs)
             Began as a Gargoyle Fighter on Jan 11, 2017.
             Slain by Menkaure (11 damage)
             ... on level 4 of the Dungeon.
             The game lasted 00:05:49 (2327 turns).

JeffiDaFish the Shield-Bearer (Gargoyle Fighter)    Turns: 2327, Time: 00:05:50

Health: 0/33       AC: 20    Str: 19    XL:     5   Next: 99%
Magic:  5/5        EV:  3    Int:  9    God:
Gold:   135        SH:  9    Dex: 10    Spells: 0 memorised, 4 levels left

rFire  . . .     SeeInvis .     a - +1 flail
rCold  . . .     Gourm    .     i - +1 plate armour
rNeg   + . .     Faith    .     c - +0 shield
rPois  ∞         Spirit   .     (no helmet)
rElec  +         Reflect  .     b - +0 cloak
rCorr  .         Harm     .     n - +0 pair of gloves
MR     .....                    (no boots)
Stlth  ..........               (no amulet)
                                (no ring)
                                (no ring)

@: no status effects
A: negative energy resistance 1, shaggy fur 1, electricity resistance,
unbreathing, petrification resistance, rot immunity, AC +4
a: no special abilities


You were on level 4 of the Dungeon.
You were not hungry.

You visited 1 branch of the dungeon, and saw 4 of its levels.

You collected 135 gold pieces.

Inventory:

Hand Weapons
 a - a +1 flail (weapon)
 o - a +0 morningstar
Armour
 b - a +0 cloak (worn)
 c - a +0 shield (worn)
 i - a +1 plate armour (worn)
 n - a +0 pair of gloves (worn)
Scrolls
 e - 4 scrolls of identify
 q - a scroll of amnesia
Potions
 d - a potion of might
 k - a potion of flight
 l - 2 potions of curing
 m - a potion of haste
 r - a potion of brilliance
Comestibles
 f - 2 bread rations
 g - a beef jerky
 j - a slice of pizza
 p - a meat ration


   Skills:
 + Level 4.0 Fighting
 + Level 3.9 Maces & Flails
 + Level 4.2 Armour
 + Level 0.1 Dodging
 + Level 0.2 Stealth
 + Level 4.6 Shields


You had 4 spell levels left.
You didn't know any spells.

Dungeon Overview and Level Annotations

Branches:
Dungeon (4/15)
 Temple: D:4-7

Altars:
Ashenzari
Kikubaaqudgha
Ru
Vehumet
The Shining One

Shops:
D:4 %

Annotations:
D:4 Menkaure


Innate Abilities, Weirdness & Mutations

You are resistant to torment.
Your stone body is resilient. (AC +4)
You are immune to poison.
You resist negative energy. (rN+)
You are resistant to electric shocks. (rElec)
You can survive without breathing.
You are immune to petrification.
You are immune to rotting.
You are covered in fur. (AC +1)


Message History

Menkaure hits you but does no damage. Menkaure hits you!
You hit Menkaure but do no damage.
Menkaure calls on the powers of darkness!
Your body is wracked with pain!
You hit Menkaure.
Menkaure is lightly damaged.
Menkaure gestures wildly while chanting.
You block Menkaure's attack.
You hit Menkaure.
Menkaure is moderately damaged.
Menkaure hits you but does no damage.
You hit Menkaure but do no damage.
Menkaure is moderately damaged.
Menkaure gestures wildly while chanting.
Menkaure calls on the powers of darkness!
Your body is wracked with pain!
You thump Menkaure!
Menkaure is heavily damaged.
Menkaure hits you!
You die...

._..# ##### #.#.#
#...# #...# #...#
##..# #...# ....#
#...##### ###.#
######...#.... ###.#
###.........#
..#.###...........#
#.#.............@.#
#.#..##.##.###.M.....#
.....##.##.#
#..........
.../....##.#
#.#......#.
|###.#####.#
#..(..=.... .# #.# #.#
#..#....#.. .# #.. .[#
#.. ....... .# ####
#.. #..#.. ##


You could see Menkaure.

Vanquished Creatures
  A howler monkey (D:4)
  2 worker ants (D:4)
  4 adders
  2 oozes (D:2)
  3 worms
  4 dart slugs
  7 orcs (D:3)
  4 giant cockroaches
  11 goblins
  5 hobgoblins
  6 kobolds
  7 quokkas
  A ball python (D:1)
  6 bats
  10 rats
73 creatures vanquished.

Notes
Turn   | Place    | Note
-------+----------+-------------------------------------------
     0 | D:1      | JeffiDaFish the Gargoyle Fighter began the quest for the Orb.
     0 | D:1      | Reached XP level 1. HP: 14/14 MP: 1/1
    28 | D:1      | Reached XP level 2. HP: 12/19 MP: 2/2
   313 | D:1      | Reached XP level 3. HP: 23/23 MP: 3/3
   700 | D:2      | Found a sacrificial altar of Ru.
   983 | D:2      | Reached XP level 4. HP: 27/28 MP: 4/4
   986 | D:2      | Found a glowing golden altar of the Shining One.
  1277 | D:2      | Gained mutation: You are covered in fur. (AC +1) [potion of mutation]
  1277 | D:2      | Gained mutation: Your spells are a little harder to cast, but a little more powerful. [potion of mutation]
  1277 | D:2      | Lost mutation: Your spells are a little harder to cast, but a little more powerful. [potion of mutation]
  1635 | D:3      | Found a radiant altar of Vehumet.
  1882 | D:3      | Reached XP level 5. HP: 33/33 MP: 5/5
  2026 | D:3      | Found an ancient bone altar of Kikubaaqudgha.
  2219 | D:4      | Found Syfydav's Food Emporium.
  2266 | D:4      | Found a shattered altar of Ashenzari.
  2310 | D:4      | Noticed Menkaure
  2327 | D:4      | Slain by Menkaure

Skill      XL: |  1  2  3  4  5 |
---------------+----------------+-----
Shields        | 4 |  4.6
Maces & Flails | 3 |  3.9
Armour         | 4 |  4.2
Fighting       | 4 |  4.0
Dodging        | |  0.1
Stealth        | |  0.2

Action                   |  1- 3 |  4- 6 || total
-------------------------+-------+-------++-------
Melee: Flail             |   134 |   214 ||   348
  Use: Scroll            |     6 |     1 ||     7
       Potion            |     6 |     2 ||     8
  Eat: Chunk             |     1 |     5 ||     6
Armor: Scale mail        |    22 |       ||    22
       Plate armour      |   103 |   171 ||   274
Dodge: Dodged            |    26 |    28 ||    54
Block: Shield            |    83 |   115 ||   198
